 Dungeon Crawl Stone Soup version 0.26-a0-540-g8a0c9464d7 (webtiles) character file.

Game seed: 17440034875728063218

10167 Lugonue the Carver (level 11, -1/85 HPs)
             Began as a Palentonga Wanderer on Aug 24, 2020.
             Was an Initiate of Gozag.
             Slain by a seven-headed hydra (5 damage)
             ... on level 11 of the Dungeon.
             The game lasted 00:34:32 (12364 turns).

Lugonue the Carver (Palentonga Wanderer)           Turns: 12364, Time: 00:34:33

Health: -1/85      AC: 15    Str: 21    XL:     11   Next: 32%
Magic:  11/11      EV:  9    Int: 10    God:    Gozag
Gold:   302        SH: 10    Dex: 10    Spells: 10/10 levels left

rFire    . . .     SeeInvis +   p - +1 scimitar (flame)
rCold    + . .     Faith    .   b - +0 kite shield
rNeg     + + +     Spirit   .   y - +2 ring mail {rC+}
rPois    +         Reflect  .   s - +2 hat
rElec    .         Harm     .   g - +0 cloak
rCorr    .                      N - +2 pair of gloves {Str+3}
MR       +....                  (boots restricted)
Stlth    +.........             i - amulet of the acrobat
HPRegen  0.24/turn              q - ring "Roca" {+Inv rPois rN++ MR+ Str-3}
MPRegen  0.12/turn              h - ring of positive energy

@: no status effects
A: large, talons 1, rugged brown scales 3, see invisible, deformed body, sense
surroundings 1, screaming 1, no potion heal 1, roll, armoured tail
a: Rolling Charge, Potion Petition, Call Merchant, Bribe Branch, Renounce
Religion, Evoke Invisibility


You were on level 11 of the Dungeon.
You worshipped Gozag.
Gozag was aware of your devotion.
You visited 2 branches of the dungeon, and saw 12 of its levels.
You visited 1 bazaar.
You also visited: Ossuary.

You collected 2035 gold pieces.
You spent 1676 gold pieces at shops.
You paid 57 gold pieces to Gozag.

Inventory:

Hand Weapons
 p - a +1 scimitar of flaming (weapon)
 r - a +3 dagger of venom
 H - a +2 scimitar of freezing
 J - a +1 antimagic great sword
Armour
 b - a +0 kite shield (worn)
 g - a +0 cloak (worn)
 s - a +2 hat (worn)
 y - a +2 ring mail of cold resistance (worn)
 N - a +2 pair of gloves of strength (worn)
Jewellery
 h - a ring of positive energy (right hand)
 i - an amulet of the acrobat (around neck)
 q - the ring "Roca" (left hand) {+Inv rPois rN++ MR+ Str-3}
   (You bought it in a shop in a bazaar)

   [ring of protection from magic]

   It affects your strength (-3).
   It protects you from poison.
   It greatly protects you from negative energy.
   It affects your resistance to hostile enchantments.
   It lets you turn invisible.
 D - an uncursed ring of ice {unknown}
Wands
 a - a wand of paralysis (6)
 f - a wand of polymorph (9)
 j - a wand of flame (16)
 k - a wand of random effects (40)
 M - a wand of disintegration (5)
Scrolls
 d - 6 scrolls of identify
 e - 7 scrolls of amnesia
 l - 4 scrolls of remove curse
 m - 2 scrolls of immolation
 t - 3 scrolls of teleportation
 v - a scroll of enchant armour
 F - a scroll of fog
 G - a scroll of enchant weapon
 K - a scroll of brand weapon
Potions
 c - a potion of stabbing
 n - 5 potions of lignification
 o - a potion of might
 u - 2 potions of mutation
 w - a potion of ambrosia {unknown}
 x - 2 potions of brilliance {unknown}
 z - 3 potions of haste
 A - 8 potions of curing
 B - 2 potions of magic {unknown}
 C - a potion of flight {unknown}
 I - a potion of heal wounds
Miscellaneous
 L - a phial of floods


   Skills:
 + Level 5.3 Fighting
 - Level 0.1(7.3) Short Blades
 * Level 11.5 Long Blades
   Level 4.0 Maces & Flails
   Level 1.0 Crossbows
 + Level 7.0 Armour
 + Level 4.6 Dodging
 + Level 1.7 Stealth
 + Level 5.1 Shields
 * Level 2.8 Evocations


You had 10 spell levels left.
You didn't know any spells.
Your spell library contained the following spells:

 Spells                   Type           Power        Failure   Level
 Corpse Rot               Necr/Air       N/A          90%         2
 Stone Arrow              Conj/Erth      #.....       99%         3
 Summon Forest            Summ/Tloc      #.........   100%        5
 Eringya's Noxious Bog    Tmut/Pois      #.........   100%        6
 Hydra Form               Tmut           #.........   100%        6
 Summon Hydra             Summ           #.........   100%        7


Dungeon Overview and Level Annotations

Branches:
Dungeon (11/15)            Temple (1/1) D:5            Lair (0/6) D:10
Ossuary (visited)
    Orc: D:9-12

Altars:
Ashenzari
Cheibriados
Dithmenos
Elyvilon
Fedhas
Gozag
Hepliaklqana
Kikubaaqudgha
Makhleb
Nemelex Xobeh
Okawaru
Ru
Trog
Uskayaw
Vehumet
Wu Jian
Xom
Yredelemnul
Zin
The Shining One

Shops:
D:6 }[?   D:7 [   D:10 !}

Annotations:
D:6 exclusion: oklob plant


Innate Abilities, Weirdness & Mutations

You are completely covered in rugged brown scales. (AC +3, +7% HP)
You have supernaturally acute eyesight. (SInv)
Armour fits poorly on your strangely shaped body.
You can roll at foes to attack.
You have a long armoured tail.
You have sharp toenails.
You passively map a small area around you.
You occasionally shout uncontrollably at your foes.
Potions are less effective at restoring your health.


Message History

The seven-headed hydra bites you!
* * * LOW HITPOINT WARNING * * *
You block the seven-headed hydra's attack. x2
The seven-headed hydra closely misses you.
The seven-headed hydra barely misses you.
The seven-headed hydra bites you but does no damage.
The seven-headed hydra bites you!
* * * LOW HITPOINT WARNING * * *
Your system partially rejects the healing.
You feel much better. The seven-headed hydra bites you.
* * * LOW HITPOINT WARNING * * *
The seven-headed hydra bites you!
* * * LOW HITPOINT WARNING * * *
The seven-headed hydra bites you.
* * * LOW HITPOINT WARNING * * *
The seven-headed hydra bites you but does no damage.
You block the seven-headed hydra's attack.
The seven-headed hydra bites you.
You die...
Your body crumbles into a pile of gold.

#.# #.....[... #.#
#.####.#.# #.# #.###.###.
#.####....## ##
#.....>.##.###.
##...........#.#
###.#.#.#.#####.##
#.........# ###
#@#)#.#.### #D##...##
###### #.###.## #.....
#.# #.# #.#### #.# #.#
#.# #.###.# #.#
*******####(##..#######.#
*,,,DD.............T....#
*,**########.#°##########


You could see a seven-headed hydra.

Vanquished Creatures
  Harold (D:9)
  Erica (D:8)
  A two-headed ogre (D:11)
  Urug (D:10)
  An ugly thing (D:11)
  A manticore (D:11)
  A gargoyle (D:7)
  A centaur skeleton (D:10)
  2 trolls
  A hornet (D:11)
  Grinder (D:4)
  4 hippogriffs
  3 yaks (D:11)
  Menkaure (D:6)
  A water moccasin (D:7)
  An acid dragon (D:11)
  3 ice beasts
  3 orc warriors
  2 necrophages
  2 sky beasts
  An ogre (D:5)
  2 centaurs
  A big kobold (D:9)
  3 bullfrogs
  A gnoll sergeant (D:9)
  4 water moccasin zombies (Ossuary)
  A water moccasin skeleton (D:6)
  3 scorpions
  3 jellies
  4 killer bees (D:7)
  7 wights
  A quasit (D:9)
  A bullfrog zombie (D:10)
  4 orc priests
  2 centaur zombies
  5 hounds
  2 bullfrog skeletons
  10 orc wizards
  An iron imp (D:5)
  4 iguanas
  13 worker ants
  A killer bee zombie (D:7)
  2 big kobold zombies (Ossuary)
  A hound skeleton (D:11)
  A hound zombie (D:7)
  2 mummies (Ossuary)
  2 worker ant zombies
  3 gnolls (D:9)
  9 adders
  A shadow imp (D:5)
  4 white imps
  2 ufetubi (D:5)
  4 adder zombies
  An adder skeleton (D:6)
  2 worms (D:2)
  3 leopard geckos
  61 orcs
  4 giant cockroaches
  6 goblins
  9 hobgoblins
  5 jackals
  10 kobolds
  3 quokkas
  4 ball pythons
  6 bats
  6 frilled lizards
  2 gnoll zombies (Ossuary)
  A goblin zombie (D:6)
  4 hobgoblin zombies (Ossuary)
  11 kobold zombies (Ossuary)
  A leopard gecko skeleton (D:6)
  3 orc zombies (Ossuary)
  10 rats
  A rat zombie (D:6)
290 creatures vanquished.

Vanquished Creatures (others)
  2 yaks (D:11)
  A jelly (D:11)
  2 orc wizards
  5 plants (D:7)
  17 toadstools (D:6)
27 creatures vanquished.

Grand Total: 317 creatures vanquished

Notes
Turn   | Place    | Note
-------+----------+-------------------------------------------
     0 | D:1      | Lugonue the Palentonga Wanderer began the quest for the
                  | Orb.
     0 | D:1      | Lugonue set off with the following items: a +0 mace, a +0
                  | kite shield, a +0 ring mail
     0 | D:1      | Reached XP level 1. HP: 16/16 MP: 1/1
   237 | D:1      | Reached XP level 2. HP: 16/22 MP: 2/2
   730 | D:2      | Reached XP level 3. HP: 27/27 MP: 3/3
  1146 | D:2      | Reached XP level 4. HP: 34/34 MP: 4/4
  2114 | D:3      | Found a radiant altar of Vehumet.
  2179 | D:4      | Reached XP level 5. HP: 32/39 MP: 5/5
  2312 | D:4      | Reached skill level 1 in Dodging
  2492 | D:4      | Noticed Grinder
  2513 | D:4      | Reached XP level 6. HP: 42/47 MP: 6/6
  2532 | D:5      | Entered Level 5 of the Dungeon
  2806 | D:5      | Found a sparkling altar of Nemelex Xobeh.
  2858 | D:5      | Identified the +4 robe of the Hills {-Tele *Contam Dex+7}
  2862 | D:5      | Found a staircase to the Ecumenical Temple.
  2875 | Temple   | Entered the Ecumenical Temple
  2935 | Temple   | Became a worshipper of Gozag Ym Sagoz the Greedy
  3085 | D:5      | Found a snail-covered altar of Cheibriados.
  3139 | D:4      | Paralysed by Grinder for 5 turns
  3150 | D:4      | Paralysed by Grinder for 4 turns
  3168 | D:4      | Killed Grinder
  3168 | D:4      | Reached skill level 5 in Armour
  3168 | D:4      | Reached XP level 7. HP: 14/54 MP: 7/7
  3561 | D:4      | Found a shadowy altar of Dithmenos.
  3561 | D:4      | Found a shimmering altar of Xom.
  3784 | D:5      | Found a white marble altar of Elyvilon.
  4275 | D:5      | Reached skill level 1 in Long Blades
  4413 | D:6      | Found Muat's Weapon Shoppe.
  4430 | D:6      | Found Loskothra's Magic Scroll Shoppe.
  4441 | D:6      | Found Quqiwom's Antique Armour Shoppe.
  4448 | D:6      | Reached XP level 8. HP: 52/62 MP: 8/8
  4460 | D:6      | Found a hazy altar of Hepliaklqana.
  4470 | D:6      | Reached skill level 1 in Stealth
  4479 | D:6      | Found Helust's Gadget Shoppe.
  4744 | D:6      | Bought a glowing ring mail for 154 gold pieces
  4758 | D:6      | Bought a scroll of teleportation for 33 gold pieces
  4758 | D:6      | Bought a scroll of teleportation for 33 gold pieces
  4758 | D:6      | Bought a scroll of teleportation for 33 gold pieces
  4827 | D:6      | Found a sand-covered staircase.
  4835 | Ossuary  | Entered an ossuary
  4918 | Ossuary  | Reached skill level 2 in Long Blades
  5039 | Ossuary  | Reached skill level 3 in Long Blades
  5388 | D:6      | Noticed Menkaure
  5392 | D:6      | Killed Menkaure
  5392 | D:6      | Reached skill level 4 in Long Blades
  5602 | D:6      | Found an ornate altar of the Wu Jian Council.
  5602 | D:6      | Found a faded altar of an unknown god.
  5633 | D:6      | Found a faded altar of an unknown god.
  5637 | D:6      | Found an ancient bone altar of Kikubaaqudgha.
  5638 | D:6      | Found a glowing golden altar of the Shining One.
  5766 | D:6      | Found a bloodstained altar of Trog.
  5778 | D:6      | Found a blossoming altar of Fedhas.
  5797 | D:6      | Noticed an oklob plant
  5956 | D:6      | Reached skill level 5 in Long Blades
  6421 | D:7      | Reached XP level 9. HP: 69/69 MP: 9/9
  6654 | D:7      | Noticed a gargoyle
  6672 | D:7      | Found Duggocs's Armour Shoppe.
  6678 | D:7      | Reached skill level 6 in Long Blades
  6681 | D:7      | Bought a +2 pair of gloves for 198 gold pieces
  7310 | D:7      | Reached skill level 7 in Long Blades
  7554 | D:7      | Killed a gargoyle
  7705 | D:7      | Noticed a red ugly thing
  7780 | D:7      | Reached skill level 8 in Long Blades
  7795 | D:7      | Gained mutation: Potions are less effective at restoring
                  | your health. [potion of mutation]
  7795 | D:7      | Gained mutation: You occasionally shout uncontrollably at
                  | your foes. [potion of mutation]
  7795 | D:7      | Gained mutation: You evolve. [potion of mutation]
  7795 | D:7      | Gained mutation: You passively map a small area around you.
                  | [potion of mutation]
  7958 | D:7      | Gained mutation: You have sharp toenails. [evolution]
  7958 | D:7      | Lost mutation: You evolve. [end of evolution]
  8198 | D:8      | Reached XP level 10. HP: 77/78 MP: 10/10
  8294 | D:8      | Found an iron altar of Okawaru.
  8410 | D:8      | Noticed Erica
  8422 | D:8      | Killed Erica
  8422 | D:8      | Reached skill level 9 in Long Blades
  9787 | D:9      | Found a shattered altar of Ashenzari.
  9787 | D:9      | Found a basalt altar of Yredelemnul.
  9858 | D:9      | Noticed Harold
  9864 | D:9      | Killed Harold
  9864 | D:9      | Reached skill level 10 in Long Blades
 10160 | D:10     | Entered Level 10 of the Dungeon
 10187 | D:10     | Found Wari's Gadget Shoppe.
 10476 | D:10     | Found Umuef's Distillery.
 10490 | D:10     | Bought a potion of curing for 42 gold pieces
 10490 | D:10     | Bought a potion of haste for 140 gold pieces
 10490 | D:10     | Bought a potion of curing for 42 gold pieces
 10680 | D:10     | Found a staircase to the Lair.
 10831 | D:10     | Noticed Urug
 10836 | D:10     | Killed Urug
 10836 | D:10     | Reached skill level 5 in Fighting
 10836 | D:10     | Reached XP level 11. HP: 82/83 MP: 11/11
 11139 | D:11     | Reached skill level 11 in Long Blades
 11139 | D:11     | Reached skill level 5 in Shields
 11168 | D:11     | Noticed a brown ugly thing
 11249 | D:11     | Found a flickering gateway to a bazaar.
 11253 | D:11     | HP: 4/84 [something (8)]
 11254 | Bazaar   | Entered a bazaar
 11254 | Bazaar   | Found Teriludgh's Gadget Boutique.
 11254 | Bazaar   | Found Suoddutwi's Distillery.
 11254 | Bazaar   | Found Danetaerr's Weapon Boutique.
 11254 | Bazaar   | Found Kaguarur's General Store.
 11254 | Bazaar   | Found Daeguyts's Armour Shop.
 11254 | Bazaar   | Found Awkorchi's Jewellery Boutique.
 11599 | Bazaar   | Bought a wand of paralysis (7) for 108 gold pieces
 11601 | Bazaar   | Bought a potion of haste for 90 gold pieces
 11601 | Bazaar   | Bought a potion of heal wounds for 45 gold pieces
 11603 | Bazaar   | Bought the ring "Roca" {+Inv rPois rN++ MR+ Str-3} for 758
                  | gold pieces
 11891 | D:11     | Noticed a two-headed ogre
 11896 | D:11     | Killed a two-headed ogre
 11945 | D:11     | Killed a brown ugly thing
 12347 | D:11     | Noticed an eight-headed hydra
 12347 | D:11     | Noticed a six-headed hydra
 12364 | D:11     | HP: 4/85 [seven-headed hydra (6)]
 12364 | D:11     | Slain by a seven-headed hydra

Illustrated notes

Levels and vault maps discovered:
D:1:      co_arrival_two_rings, layout_rooms, minmay_cupped
D:2:      layout_rooms, serial_bayou_pond_d
D:3:      layout_rooms, lemuel_coloured_pillars_altar
D:4:      layout_cave_pools, gammafunk_temple_overflow_pools,
          kennysheep_cluttered_room, uniq_grinder
D:5:      layout_gridville, kennysheep_little_box, slow_altar_1,
          minmay_temple_entry_mist, basic_altar
D:6:      layout_basic, tgw_fedhas, old_standard_altar,
          chequers_temple_overflow_minitemple, enter_ossuary_4, serial_rivers,
          chequers_serial_rivers_micro_e, chequers_serial_rivers_small_3,
          chequers_serial_rivers_micro_e, chequers_serial_rivers_small_3,
          chequers_serial_rivers_micro_e, minmay_shop_grid_forest, bloody_trog,
          uniq_menkaure
D:7:      layout_basic, serial_shops, shop, kennysheep_cross_room,
          minmay_shattered_shrine
D:8:      layout_gridville, okawaru_ov_weapons_minmay,
          kennysheep_generic_room_12, uniq_erica
D:9:      layout_loops_cross, gammafunk_temple_overflow_wave, uniq_harold
D:10:     layout_basic, lair_entry_dummy, serial_shops, shop, shop, uniq_urug
D:11:     layout_loops_ring, serial_shops, freezing_bzr
Temple:   compressed_dpeg_triangle_lava_temple

Skill      XL: |  1  2  3  4  5  6  7  8  9 10 11 |
---------------+----------------------------------+-----
Armour         | 3 4 5 6 7 |  7.0
Maces & Flails | 4 |  4.0
Dodging        | 1 2 4 |  4.6
Fighting       | 2 3 4 5 |  5.3
Shields        | 2 3 4 5 |  5.1
Long Blades    | 1 5 8 10 11 | 11.5
Stealth        | 1 |  1.7
Evocations     | 2 |  2.8
Short Blades   | |  0.1
Crossbows      | |  1.0

Action                   |  1- 3 |  4- 6 |  7- 9 | 10-12 || total
-------------------------+-------+-------+-------+-------++-------
Melee: Mace              |   110 |    28 |     4 |       ||   142
       Tailslap          |    13 |    19 |    91 |    37 ||   160
       Dagger            |       |   119 |   177 |       ||   296
       Falchion          |       |       |   197 |       ||   197
       Long sword        |       |       |    39 |       ||    39
       Scimitar          |       |       |   149 |   256 ||   405
       Kick              |       |       |     4 |    82 ||    86
Throw: Throwing net      |       |       |       |     1 ||     1
 Abil: Rolling Charge    |     5 |       |     9 |    10 ||    24
Evoke: Wand              |       |       |    12 |    23 ||    35
  Use: Scroll            |       |     6 |    10 |     6 ||    22
       Potion            |       |     6 |     4 |     5 ||    15
 Stab: Distracted        |       |       |     1 |       ||     1
Armor: Ring mail         |    54 |    67 |   248 |    87 ||   456
Dodge: Dodged            |    33 |    37 |   160 |    92 ||   322
Block: Kite shield       |    49 |    48 |   233 |    95 ||   425
       Rpst.: Falchion   |       |       |    17 |       ||    17
       Long sword        |       |       |     5 |       ||     5
       Scimitar          |       |       |    17 |    20 ||    37

Table legend: (Time is in decaauts)
 A = Elapsed time spent in this place.
 B = Non-inter-level travel time spent in this place.
 C = Inter-level travel time spent in this place.
 D = Time resting spent in this place.
 E = Time spent auto-exploring this place.
 F = Levels seen in this place.
 G = Mean time per level.
                   A        B        C        D        E       F      G
               +--------+--------+--------+--------+--------+-----+--------+
         Total |  12511 |  12038 |    473 |    626 |   8621 |  14 |  893.6 |
       Dungeon |  11535 |  11072 |    463 |    300 |   8303 |  11 | 1048.6 |
        Temple |     71 |     61 |     10 |      0 |     52 |   1 |   71.0 |
        Bazaar |    368 |    368 |      0 |    326 |      0 |   1 |  368.0 |
       Ossuary |    535 |    535 |      0 |      0 |    266 |   1 |  535.0 |
               +--------+--------+--------+--------+--------+-----+--------+

Top non-repeatable levels by time:
     D:7: 1779 daAuts
     D:6: 1508 daAuts
     D:5: 1229 daAuts
     D:9: 1035 daAuts
     D:8: 990 daAuts
    D:10: 965 daAuts
     D:4: 946 daAuts
    D:11: 861 daAuts
     D:2: 757 daAuts
     D:1: 752 daAuts
     D:3: 709 daAuts
 Ossuary: 535 daAuts
  Bazaar: 368 daAuts
  Temple: 71 daAuts
